 Dungeon Crawl Stone Soup version 0.25-a0-565-g8875c97ebb (webtiles) character file.

Game seed: 3566961562400944714, levelgen mode: deterministic

611 Flugslaktarn the Chopper (level 7, -1/66 HPs)
             Began as a Deep Dwarf Fighter on Feb 26, 2020.
             Killed from afar by an orc wizard (4 damage)
             ... with a magic dart
             ... on level 5 of the Dungeon.
             The game lasted 00:01:00 (1243 turns).

Flugslaktarn the Chopper (Deep Dwarf Fighter)       Turns: 1243, Time: 00:01:01

Health: -1/66      AC:  8    Str: 22    XL:     7   Next: 20%
Magic:  7/7        EV:  7    Int:  8    God:
Gold:   75         SH: 10    Dex: 16    Spells: 6/6 levels left

rFire    + + .     SeeInvis .   q - +9 dagger of the Ass {vamp, *Noise rF++ Dex+4}
rCold    . . .     Gourm    .   c - +0 kite shield
rNeg     . . .     Faith    .   b - +0 scale mail
rPois    .         Spirit   .   (no helmet)
rElec    .         Reflect  .   r - +0 cloak
rCorr    .         Harm     .   (no gloves)
MR       +....                  (no boots)
Stlth    ..........             (no amulet)
HPRegen  0.00/turn              (no ring)
MPRegen  0.10/turn              (no ring)

@: lethally poisoned (-1 -> -1), non-regenerating
A: damage resistance, heal wounds, sense surroundings 1, no regeneration
a: Heal Wounds


You were on level 5 of the Dungeon.
You were hungry.

You visited 1 branch of the dungeon, and saw 5 of its levels.

You collected 75 gold pieces.

Inventory:

Hand Weapons
 a - a +0 war axe
 q - the +9 dagger of the Ass (weapon) {vamp, *Noise rF++ Dex+4}
   (You took it off an orc on level 4 of the Dungeon)

   It inflicts no extra harm, but heals its wielder when it wounds a living foe.
   It affects your dexterity (+4).
   It greatly protects you from fire.
   It may make noises in combat.
Armour
 b - a +0 scale mail (worn)
 c - a +0 kite shield (worn)
 r - a +0 cloak (worn)
   (You found it on level 4 of the Dungeon)
Jewellery
 f - a +3 ring of dexterity {unknown}
   (You found it on level 4 of the Dungeon)
 h - a +5 ring of slaying {unknown}
   (You found it on level 2 of the Dungeon)
Wands
 p - a wand of clouds (4)
   (You took it off an orc on level 4 of the Dungeon)
 v - a wand of digging (5)
   (You took it off an orc on level 4 of the Dungeon)
Scrolls
 g - 3 scrolls of identify {unknown}
 i - a scroll of remove curse {unknown}
 n - a scroll of blinking {unknown}
Potions
 d - 2 potions of might
 j - a potion of brilliance {unknown}
 k - a potion of lignification {unknown}
 l - a potion of haste {unknown}
 m - a potion of curing {unknown}
 o - 2 potions of cancellation {unknown}
Comestibles
 e - 2 rations


   Skills:
 * Level 4.9 Fighting
 * Level 5.3 Axes
 + Level 4.7 Armour
 + Level 4.8 Shields


You had 6 spell levels left.
You didn't know any spells.
Your spell library was empty.

Dungeon Overview and Level Annotations

Branches:
Dungeon (5/15)             Temple (0/1) D:5

Altars:
Zin


Innate Abilities, Weirdness & Mutations

You are resistant to damage.
You can heal yourself by infusing magical energy.
You passively map a small area around you.
You do not regenerate.


Message History

* * * LOW HITPOINT WARNING * * *
The adder bites you but does no damage. The orc hits you but does no damage.
You barely miss the ogre.
The ogre is heavily wounded.
You block the adder's attack. The orc hits you with a +0 hand axe.
The ogre hits you with a +0 giant club. You block the adder's attack.
You barely miss the ogre.
The ogre is heavily wounded.
You block the orc's attack. The adder barely misses you.
The ogre barely misses you.
You hit the ogre.
You feel better.
The ogre is severely wounded.
The adder barely misses you. The orc barely misses you.
You block the ogre's attack.
You puncture the ogre!
You kill the ogre!
The adder bites you but does no damage.
The orc wizard points at you and mumbles some strange words.
The magic dart hits you.
You die...

, #................###
##...............## ,*
#.................#
#>[...............## ,
#..............##..####
##.............####.....
* #............###
#..... *#.......#####
##.... ######@o# #.....
### #S)## #..... ...#
#..#### #..... , ...#
##..#..### #..... ...#
#...o....## ##.... * ,
#..###.......... #.... ,
*#..#........... ##... *
#............. * #... *
##............ ##..


You could see an orc wizard, an adder and an orc.

Vanquished Creatures
  A black bear (D:5)
  An ogre (D:5)
  A centaur (D:5)
  A scorpion (D:4)
  A crimson imp (D:5)
  A hound (D:4)
  A jelly (D:5)
  3 orc wizards
  A worker ant (D:4)
  5 adders
  An ooze (D:1)
  An adder zombie (D:4)
  A worm (D:4)
  2 dart slugs
  2 leopard geckos
  9 orcs
  A ball python (D:1)
  A giant cockroach (D:4)
  3 goblins
  2 hobgoblins
  8 jackals
  4 kobolds
  2 quokkas
  A bat (D:2)
  5 frilled lizards
  A quokka skeleton (D:4)
  2 rats (D:1)
62 creatures vanquished.

Notes
Turn   | Place    | Note
-------+----------+-------------------------------------------
     0 | D:1      | Flugslaktarn the Deep Dwarf Fighter began the quest for the
                  | Orb.
     0 | D:1      | Reached XP level 1. HP: 20/20 MP: 1/1
    52 | D:1      | Reached XP level 2. HP: 27/27 MP: 2/2
   129 | D:2      | Reached XP level 3. HP: 26/34 MP: 3/3
   251 | D:3      | Reached skill level 3 in Axes
   398 | D:4      | Reached XP level 4. HP: 37/42 MP: 4/4
   400 | D:4      | Identified the +9 dagger of the Ass {vamp, *Noise rF++
                  | Dex+4}
   543 | D:4      | Reached XP level 5. HP: 33/50 MP: 5/5
   578 | D:4      | Found a glowing silver altar of Zin.
   578 | D:4      | Noticed an angel
   761 | D:4      | Reached skill level 4 in Axes
  1102 | D:5      | Entered Level 5 of the Dungeon
  1102 | D:5      | Noticed a centaur
  1109 | D:5      | Killed a centaur
  1109 | D:5      | Reached XP level 6. HP: 56/57 MP: 6/6
  1215 | D:5      | Reached skill level 5 in Axes
  1215 | D:5      | Reached XP level 7. HP: 36/66 MP: 7/7
  1239 | D:5      | HP: 1/66 [ogre/+0 giant club (9)]
  1243 | D:5      | Killed from afar by an orc wizard

Levels and vault maps discovered:
D:1:      lemuel_arrival_broad_hall, layout_rooms, moated_statue,
          hangedman_abyss_or_decor_lesser_grid
D:2:      layout_loops_cross, minmay_3d_cube
D:3:      layout_loops_ring, nicolae_overflow_crystal_walls,
          nicolae_overflow_hidden_temple, first_ration, uniq_sigmund
D:4:      layout_loops_ring, zin_angel
D:5:      layout_cave_pods, fedhas_altar_1, nemelex_xobeh_ov_fountains_minmay,
          minmay_temple_entry_waves, dk_noncrumbling_3

Skill      XL: |  1  2  3  4  5  6 |
---------------+-------------------+-----
Fighting       | 3 4 |  4.9
Axes           | 3 4 5 |  5.3
Shields        | 4 |  4.8
Armour         | 4 |  4.7

Action                   |  1- 3 |  4- 6 |  7- 9 || total
-------------------------+-------+-------+-------++-------
Melee: War axe           |   110 |    33 |       ||   143
       Dagger            |       |    64 |    19 ||    83
 Abil: Heal Wounds       |     2 |     1 |       ||     3
  Eat: Chunk             |       |     1 |       ||     1
Armor: Scale mail        |    53 |    95 |    21 ||   169
Dodge: Dodged            |    42 |    52 |    15 ||   109
Block: Kite shield       |    66 |    89 |    30 ||   185

Table legend:
 A = Non-vault XP
 B = Vault XP
 C = Vault XP percentage of total XP
 D = Non-vault monster count
 E = Vault monster count
 F = Vault count percentage of total count
                 A         B        C        D         E       F
            +---------+---------+-------+---------+---------+-------
      Total |     874 |       0 |   0.0 |      62 |       0 |   0.0
            +---------+---------+-------+---------+---------+-------
        D:1 |      40 |       0 |   0.0 |      19 |       0 |   0.0
        D:2 |      10 |       0 |   0.0 |       6 |       0 |   0.0
        D:3 |      12 |       0 |   0.0 |       4 |       0 |   0.0
        D:4 |     278 |       0 |   0.0 |      23 |       0 |   0.0
        D:5 |     534 |       0 |   0.0 |      10 |       0 |   0.0
            +---------+---------+-------+---------+---------+-------
